 Dungeon Crawl Stone Soup version 0.23-a0-389-g4a5eb33 (webtiles) character file.

0 namelastname112 the Changer (level 1, 0/14 HPs)
             Began as a Draconian Wanderer on Oct 29, 2018.
             Slain by a hobgoblin
             ... wielding a +0 club
              (1 damage)
             ... on level 1 of the Dungeon.
             The game lasted 00:00:29 (177 turns).

namelastname112 the Changer (Draconian Wanderer)     Turns: 177, Time: 00:00:30

Health: 0/14       AC:  4    Str: 16    XL:     1   Next: 8%
Magic:  2/2        EV: 11    Int: 13    God:
Gold:   34         SH:  0    Dex:  7    Spells: 2/2 levels left

rFire    . . .     SeeInvis .   d - +0 club
rCold    . . .     Gourm    .   (no shield)
rNeg     . . .     Faith    .   (armour unavailable)
rPois    .         Spirit   .   (helmet restricted)
rElec    .         Reflect  .   (no cloak)
rCorr    .         Harm     .   (no gloves)
MR       .....                  (no boots)
Stlth    +.........             (no amulet)
HPRegen  0.04/turn              (no ring)
MPRegen  0.08/turn              (no ring)

@: no status effects
A: unfitting armour, cold-blooded, AC +4
a: no special abilities


You were on level 1 of the Dungeon.
You were not hungry.

You visited 1 branch of the dungeon, and saw 1 of its levels.

You collected 34 gold pieces.

Inventory:

Hand Weapons
 d - a +0 club (weapon)
Missiles
 a - 13 stones (quivered)
Armour
 c - a +0 buckler
Comestibles
 b - 2 chunks of flesh
 f - a ration


   Skills:
 + Level 0.0 Fighting
 - Level 1.0 Stealth
 + Level 1.0 Shields
 + Level 1.0 Spellcasting
   Level 2.0 Conjurations
   Level 1.0 Hexes
   Level 4.0 Transmutations


You had 2 spell levels left.
You didn't know any spells.
Your spell library contained the following spells:

 Spells                   Type           Power        Failure   Level  Hunger
 Passwall                 Tmut/Erth      #.......     19%         2    ###....
 Sandblast                Erth           #.....       28%         1    ##.....
 Summon Butterflies       Summ           #.......     28%         1    ##.....
 Stone Arrow              Conj/Erth      #.....       50%         3    ####...
 Recall                   Summ/Tloc      N/A          63%         3    ####...
 Petrify                  Tmut/Erth      #.......     77%         4    #####..
 Lee's Rapid Deconstruct  Erth           #.........   100%        5    ######.


Dungeon Overview and Level Annotations

Branches:
Dungeon (1/15)

Altars:


Innate Abilities, Weirdness & Mutations

Your plain brown scales are hard. (AC +4)
You cannot fit into any form of body armour.
You are cold-blooded and may be slowed by cold attacks.


Message History

The giant cockroach bites you but does no damage.
A hobgoblin comes into view. It is wielding a +0 club.
The hobgoblin shouts!
You hit the giant cockroach but do no damage.
The giant cockroach closely misses you.
The giant cockroach bites you but does no damage.
You barely miss the giant cockroach. The giant cockroach bites you.
The giant cockroach bites you but does no damage.
The hobgoblin hits you with a +0 club.
You take 5 damage, and have 5/14 hp.
MASSIVE DAMAGE!!
You are too injured to fight recklessly!
You are too injured to fight recklessly!
The hobgoblin closely misses you.
You closely miss the hobgoblin. The hobgoblin hits you with a +0 club.
* * * LOW HITPOINT WARNING * * *
You take 4 damage, and have 1/14 hp.
MASSIVE DAMAGE!!
You hit the hobgoblin.
The hobgoblin is severely wounded.
The hobgoblin hits you with a +0 club.
You die...

#### ...# ##.# ##### #
#.# ##...## .# #.#
##..#..# .# #.#
##.##.##.###.#
##.########.##.⌠.# ....#
#........).####.####K..#
#.######...# ##@#s#...#
#.# #..#.⌠.###g♣.#..#
#.## #...#.#.###.#...#
...# #....## #.#....#
#..# ##..## ⌠.# #..##
#### ##.# #.# ..# ..##
.# #.# ..# ...## ♣.# #.#
....# .# ..


You could see a hobgoblin.

Vanquished Creatures
  A goblin (D:1)
1 creature vanquished.

Notes
Turn   | Place    | Note
-------+----------+-------------------------------------------
     0 | D:1      | namelastname112 the Draconian Wanderer began the quest for
                  | the Orb.
     0 | D:1      | namelastname112 set off with the following items: a +0
                  | buckler, a +0 club, a ration; and the following spells
                  | available to memorise: Passwall, Sandblast, Summon
                  | Butterflies, Stone Arrow, Recall, Petrify, Lee's Rapid
                  | Deconstruction
     0 | D:1      | Reached XP level 1. HP: 14/14 MP: 2/2
   177 | D:1      | Slain by a hobgoblin

Vault maps used:
D:1:      dpeg_arrival_three_bigger_balls, serial_forest,
          infiniplex_forest_diagonal, infiniplex_forest_clump_long,
          infiniplex_forest_clump_small, infiniplex_forest_lined_room_2,
          infiniplex_forest_lined_room_3, infiniplex_forest_straight_1,
          infiniplex_forest_clump_tiny, infiniplex_forest_diagonal, st_stairs_1,
          grunt_decor_mini_mirrors, minmay_misc_feat_iff

Action                   || total
-------------------------++-------
Melee: Club              ||    20
       Tailslap          ||     2
Armor: Skin              ||     9
Dodge: Dodged            ||    18

Table legend:
 A = Non-vault XP
 B = Vault XP
 C = Vault XP percentage of total XP
 D = Non-vault monster count
 E = Vault monster count
 F = Vault count percentage of total count
                 A         B        C        D         E       F
            +---------+---------+-------+---------+---------+-------
      Total |       1 |       0 |   0.0 |       1 |       0 |   0.0
            +---------+---------+-------+---------+---------+-------
        D:1 |       1 |       0 |   0.0 |       1 |       0 |   0.0
            +---------+---------+-------+---------+---------+-------
